Construct Section Command Post
Selects Heavy Armor Battlegroup
Construct Platoon Command Post
Unlock Bishop Self-propelled Artillery
Selects Rigorous Vehicle Training
Bishop Self-propelled Artillery
Bishop Self-propelled Artillery
Selects Forward Repair Assembly
6-pounder Anti-tank Gun Team
Unlock M3 Stuart Light Tanks
6-pounder Anti-tank Gun Team
Selects Churchill Black Prince Heavy Tank
Selects Light Vehicle Withdraw and Refit
Light Vehicle Withdraw and Refit
Churchill Black Prince Heavy Tank
Construct Company Command Post